PAAA
TORTOLITA DRUMMERS @ BAKERSFIELD NOBLES
08/23/2018
 
TOP OF THE 1ST
Tortolita Drummers batting - Pitching for Bakersfield Nobles : LHP Ron Barry
Pitching: LHP Ron Barry
Batting: RHB Allen George 0-0: Ball
1-0: Ball
2-0: Ball
3-0: Base on Balls
Batting: RHB Steve Patrick 0-0: Ball
1-0: Ball
2-0: SINGLE (Line Drive, 7S)
Allen George to second
Batting: RHB Bart Lewis 0-0: Ball
1-0: Called Strike
1-1: Foul Ball, location: 2F
1-2: DOUBLE (Line Drive, 5L)
Allen George scores
Steve Patrick to third
Batting: RHB Kevin Howard 0-0: Called Strike
0-1: Swinging Strike
0-2: Strikes out swinging
Batting: LHB Orlando Trevino 0-0: Swinging Strike
0-1: Foul Ball, location: 2F
0-2: Ball
1-2: Strikes out looking
Batting: LHB Ryan Westlake 0-0: Ball
1-0: Ball
2-0: Foul Ball, location: 2F
2-1: Foul Ball, location: 2F
2-2: Ball
3-2: Strikes out swinging
Top of the 1st over - 1 run(s), 2 hit(s), 0 error(s), 2 left on base; Tortolita 1 - Bakersfield 0
BOTTOM OF THE 1ST
Bakersfield Nobles batting - Pitching for Tortolita Drummers : RHP Aaron Wise
Pitching: RHP Aaron Wise
Batting: RHB Bill Sackett 0-0: Ball
1-0: Ball
2-0: Foul Ball, location: 2F
2-1: Foul Ball, location: 2F
2-2: Foul Ball, location: 2F
2-2: Ball
3-2: Base on Balls
Batting: LHB Paul Smith 0-0: Ball
1-0: Called Strike
1-1: Fly out, F8 (Flyball, 8LM)
Batting: RHB Jorge Gonzáles 0-0: Ball
1-0: Called Strike
1-1: SINGLE (Groundball, 4M)
Bill Sackett to second
Batting: RHB Kyle Bridges 0-0: Called Strike
0-1: Ball
1-1: Foul Ball, location: 2F
1-2: Fly out, F4 (Popup, 34D)
Batting: RHB Lawrence Olsen 0-0: Ball
1-0: Ball
2-0: Ball
3-0: Called Strike
3-1: Base on Balls
Bill Sackett to third
Jorge Gonzáles to second
Batting: RHB Jack Hatcher 0-0: Ground out 6-3 (Groundball, 6MS)
Bottom of the 1st over - 0 run(s), 1 hit(s), 0 error(s), 3 left on base; Tortolita 1 - Bakersfield 0
TOP OF THE 2ND
Tortolita Drummers batting - Pitching for Bakersfield Nobles : LHP Ron Barry
Batting: LHB Pat McJannett 0-0: Called Strike
0-1: Ball
1-1: SINGLE (Line Drive, 4D)
Batting: RHB Jim Harris 0-0: Called Strike
0-1: Called Strike
0-2: Foul Ball, location: 2F
0-2: Ball
1-2: Grounds into double play, 4-6-3 (Groundball, 4)
Batting: RHB Richard Ollivier 0-0: Foul Ball, location: 2F
0-1: Ground out 5-3 (Groundball, 5S)
Top of the 2nd over - 0 run(s), 1 hit(s), 0 error(s), 0 left on base; Tortolita 1 - Bakersfield 0
BOTTOM OF THE 2ND
Bakersfield Nobles batting - Pitching for Tortolita Drummers : RHP Aaron Wise
Batting: RHB Bill Wilhelm 0-0: Ball
1-0: Ball
2-0: Called Strike
2-1: Fly out, F7 (Flyball, 7M)
Batting: LHB Phil Parkinson 0-0: Called Strike
0-1: Swinging Strike
0-2: Ball
1-2: Strikes out looking
Batting: LHB Jeffrey Gregg 0-0: Ball
1-0: Ball
2-0: Ball
3-0: Base on Balls
Batting: RHB Bill Sackett 0-0: Called Strike
0-1: Ball
1-1: SINGLE (Groundball, 4MD)
Jeffrey Gregg to second
Runner from 2nd tries for 3rd, SAFE, throw made to third
Batting: LHB Paul Smith 0-0: Ball
1-0: DOUBLE (Line Drive, 5D)
Jeffrey Gregg scores
Bill Sackett to third
Batting: RHB Jorge Gonzáles 0-0: Foul Ball, location: 2F
0-1: Ball
Wild Pitch!
Bill Sackett scores
Paul Smith to third
1-1: Foul Ball, location: 2F
1-2: Foul Ball, location: 2F
1-2: Strikes out looking
Bottom of the 2nd over - 2 run(s), 2 hit(s), 0 error(s), 1 left on base; Tortolita 1 - Bakersfield 2
TOP OF THE 3RD
Tortolita Drummers batting - Pitching for Bakersfield Nobles : LHP Ron Barry
Batting: RHB Allen George 0-0: Called Strike
0-1: Called Strike
0-2: Foul Ball, location: 2F
0-2: Ball
1-2: Foul Ball, location: 2F
1-2: Strikes out swinging
Batting: RHB Steve Patrick 0-0: Ball
1-0: Ball
2-0: Ball
3-0: Base on Balls
Batting: RHB Bart Lewis 0-0: Called Strike
0-1: Ball
1-1: Foul Ball, location: 2F
1-2: Fly out, F3 (Line Drive, 3S)
Batting: RHB Kevin Howard 0-0: Called Strike
0-1: Foul Ball, location: 2F
0-2: Hit by Pitch
Steve Patrick to second
Batting: LHB Orlando Trevino 0-0: Ball
1-0: Foul Ball, location: 2F
1-1: Fly out, F8 (Flyball, 8LD)
Top of the 3rd over - 0 run(s), 0 hit(s), 0 error(s), 2 left on base; Tortolita 1 - Bakersfield 2
BOTTOM OF THE 3RD
Bakersfield Nobles batting - Pitching for Tortolita Drummers : RHP Aaron Wise
Batting: RHB Kyle Bridges 0-0: Foul Ball, location: 2F
0-1: Foul Ball, location: 2F
0-2: Foul Ball, location: 2F
0-2: Ground out 5-3 (Groundball, 5)
Batting: RHB Lawrence Olsen 0-0: Called Strike
0-1: Swinging Strike
0-2: Ball
1-2: Foul Ball, location: 2F
1-2: Strikes out swinging
Batting: RHB Jack Hatcher 0-0: Ground out 5-3 (Groundball, 5)
Bottom of the 3rd over - 0 run(s), 0 hit(s), 0 error(s), 0 left on base; Tortolita 1 - Bakersfield 2
TOP OF THE 4TH
Tortolita Drummers batting - Pitching for Bakersfield Nobles : LHP Ron Barry
Batting: LHB Ryan Westlake 0-0: Foul Ball, location: 2F
0-1: Swinging Strike
0-2: Foul Ball, location: 2F
0-2: Ball
1-2: SINGLE (Flyball, 89S)
Batting: LHB Pat McJannett 0-0: Ball
1-0: Foul Ball, location: 2F
1-1: Ball
2-1: Swinging Strike
2-2: Ball
3-2: Strikes out swinging
Batting: RHB Jim Harris 0-0: Called Strike
0-1: Ball
1-1: Called Strike
1-2: Ground out 6-3 (Groundball, 6MS)
Ryan Westlake to second
Batting: RHB Richard Ollivier 0-0: Called Strike
0-1: Called Strike
0-2: DOUBLE (Line Drive, 78D)
Ryan Westlake scores
Batting: RHB Allen George 0-0: Ball
1-0: Called Strike
1-1: Ball
2-1: Ball
3-1: Base on Balls
Batting: RHB Steve Patrick 0-0: DOUBLE (Flyball, 78XD)
Richard Ollivier scores
Allen George to third
Runner from 3rd tries for Home, SAFE, no throw or cutoff
Batting: RHB Bart Lewis 0-0: Foul Ball, location: 2F
0-1: Ball
1-1: Foul Ball, location: 2F
1-2: Ball
2-2: Strikes out swinging
Top of the 4th over - 3 run(s), 3 hit(s), 0 error(s), 1 left on base; Tortolita 4 - Bakersfield 2
BOTTOM OF THE 4TH
Bakersfield Nobles batting - Pitching for Tortolita Drummers : RHP Aaron Wise
Batting: RHB Bill Wilhelm 0-0: Fly out, F6 (Popup, 6MD)
Batting: LHB Phil Parkinson 0-0: Ball
1-0: Fly out, F9 (Flyball, 8RM)
Batting: LHB Jeffrey Gregg 0-0: Foul Ball, location: 2F
0-1: Swinging Strike
0-2: Strikes out looking
Bottom of the 4th over - 0 run(s), 0 hit(s), 0 error(s), 0 left on base; Tortolita 4 - Bakersfield 2
TOP OF THE 5TH
Tortolita Drummers batting - Pitching for Bakersfield Nobles : LHP Ron Barry
Batting: RHB Kevin Howard 0-0: Ball
1-0: Foul Ball, location: 2F
1-1: Ball
2-1: Ground out 1-3 (Groundball, 15)
Batting: LHB Orlando Trevino 0-0: Foul Ball, location: 2F
0-1: Foul Ball, location: 2F
0-2: SINGLE (Groundball, 56D)
Batting: LHB Ryan Westlake 0-0: Swinging Strike
Passed Ball!
Orlando Trevino to second
0-1: Ball
1-1: Ball
2-1: Foul Ball, location: 2F
2-2: Strikes out swinging
Pitching: RHP John Dodson
Batting: LHB Pat McJannett 0-0: Swinging Strike
0-1: Ball
1-1: Ball
2-1: Foul Ball, location: 2F
2-2: Ground out 3-1 (Groundball, 34)
Top of the 5th over - 0 run(s), 1 hit(s), 0 error(s), 1 left on base; Tortolita 4 - Bakersfield 2
BOTTOM OF THE 5TH
Bakersfield Nobles batting - Pitching for Tortolita Drummers : RHP Aaron Wise
Batting: RHB Bill Sackett 0-0: Foul Ball, location: 2F
0-1: Ball
1-1: Ground out 4-3 (Groundball, 34)
Batting: LHB Paul Smith 0-0: Ball
1-0: Swinging Strike
1-1: Fly out, F7 (Flyball, 7LS)
Batting: RHB Jorge Gonzáles 0-0: Ball
1-0: Ground out U3 (Groundball, 3L)
Bottom of the 5th over - 0 run(s), 0 hit(s), 0 error(s), 0 left on base; Tortolita 4 - Bakersfield 2
TOP OF THE 6TH
Tortolita Drummers batting - Pitching for Bakersfield Nobles : RHP John Dodson
Batting: RHB Jim Harris 0-0: Ball
1-0: SINGLE (Line Drive, 34D)
Batting: RHB Richard Ollivier 0-0: Sac Bunt - play at first, batter OUT! 2-4
Jim Harris to second
Batting: RHB Allen George 0-0: Foul Ball, location: 2F
0-1: Ball
1-1: Ball
2-1: Ground out 6-3 (Groundball, 6M)
Jim Harris to third
Batting: RHB Steve Patrick 0-0: Swinging Strike
0-1: Foul Ball, location: 2F
0-2: Strikes out swinging
Top of the 6th over - 0 run(s), 1 hit(s), 0 error(s), 1 left on base; Tortolita 4 - Bakersfield 2
BOTTOM OF THE 6TH
Bakersfield Nobles batting - Pitching for Tortolita Drummers : RHP Aaron Wise
Batting: RHB Kyle Bridges 0-0: Called Strike
0-1: Foul Ball, location: 2F
0-2: Fly out, F9 (Flyball, 9M)
Batting: RHB Lawrence Olsen 0-0: Swinging Strike
0-1: Ball
1-1: Ball
2-1: Ball
3-1: Base on Balls
Batting: RHB Jack Hatcher 0-0: Ball
1-0: Called Strike
1-1: Foul Ball, location: 2F
1-2: Foul Ball, location: 2F
1-2: Ball
2-2: Ball
3-2: Grounds into double play, U4-3 (Groundball, 4)
Bottom of the 6th over - 0 run(s), 0 hit(s), 0 error(s), 0 left on base; Tortolita 4 - Bakersfield 2
TOP OF THE 7TH
Tortolita Drummers batting - Pitching for Bakersfield Nobles : RHP John Dodson
Batting: RHB Bart Lewis 0-0: Ground out 6-3 (Groundball, 6)
Batting: RHB Kevin Howard 0-0: Ball
1-0: DOUBLE (Flyball, 78D)
Batting: LHB Orlando Trevino 0-0: Foul Ball, location: 2F
0-1: Ground out 4-3 (Groundball, 4)
Kevin Howard to third
Batting: LHB Ryan Westlake 0-0: Ball
1-0: Called Strike
1-1: Ball
2-1: TRIPLE (Flyball, 8RXD)
Kevin Howard scores
Batting: LHB Pat McJannett 0-0: Called Strike
0-1: SINGLE (Line Drive, 8LS)
Ryan Westlake scores
Pitching: RHP Jon Aris
Batting: RHB Jim Harris 0-0: Called Strike
0-1: Foul Ball, location: 2F
0-2: Ball
1-2: Fly out, F3 (Popup, 34)
Top of the 7th over - 2 run(s), 3 hit(s), 0 error(s), 1 left on base; Tortolita 6 - Bakersfield 2
BOTTOM OF THE 7TH
Bakersfield Nobles batting - Pitching for Tortolita Drummers : RHP Aaron Wise
Batting: RHB Bill Wilhelm 0-0: Foul Ball, location: 2F
0-1: SINGLE (Flyball, 89S)
Batting: LHB Phil Parkinson 0-0: Called Strike
0-1: Ball
1-1: 2-RUN HOME RUN (Flyball, 9D), Distance : 363 ft
Batting: LHB Jeffrey Gregg 0-0: SOLO HOME RUN (Flyball, 9LD), Distance : 350 ft
Batting: RHB Bill Sackett 0-0: Foul Ball, location: 2F
0-1: Fly out, F9 (Line Drive, 89M)
Batting: LHB Paul Smith 0-0: Swinging Strike
0-1: Ball
1-1: Ball
2-1: Ball
3-1: Called Strike
3-2: Ground out 6-3 (Groundball, 6)
Batting: RHB Jorge Gonzáles 0-0: Foul Ball, location: 2F
0-1: Ball
1-1: Ball
2-1: DOUBLE (Line Drive, 9LS)
Batting: RHB Kyle Bridges 0-0: Called Strike
0-1: Ball
1-1: Foul Ball, location: 2F
1-2: Strikes out swinging
Bottom of the 7th over - 3 run(s), 4 hit(s), 0 error(s), 1 left on base; Tortolita 6 - Bakersfield 5
TOP OF THE 8TH
Tortolita Drummers batting - Pitching for Bakersfield Nobles : RHP Jon Aris
Batting: RHB Richard Ollivier 0-0: Ball
1-0: Fly out, F8 (Flyball, 8LS)
Batting: RHB Allen George 0-0: Ball
1-0: Ground out 5-3 (Groundball, 56)
Batting: RHB Steve Patrick 0-0: Ball
1-0: Ball
2-0: Foul Ball, location: 2F
2-1: Ball
3-1: Foul Ball, location: 2F
3-2: Foul Ball, location: 2F
3-2: Ground out 5-3 (Groundball, 56)
Top of the 8th over - 0 run(s), 0 hit(s), 0 error(s), 0 left on base; Tortolita 6 - Bakersfield 5
BOTTOM OF THE 8TH
Bakersfield Nobles batting - Pitching for Tortolita Drummers : RHP Aaron Wise
Batting: RHB Lawrence Olsen 0-0: Ground out U3 (Groundball, 3S)
Batting: RHB Jack Hatcher 0-0: Foul Ball, location: 2F
0-1: Ball
1-1: Foul Ball, location: 2F
1-2: Ball
2-2: Strikes out swinging
Batting: RHB Bill Wilhelm 0-0: Ball
1-0: Ball
2-0: Called Strike
2-1: Swinging Strike
2-2: Ball
3-2: Foul Ball, location: 2F
3-2: Foul Ball, location: 2F
3-2: Fly out, F9 (Flyball, 9M)
Bottom of the 8th over - 0 run(s), 0 hit(s), 0 error(s), 0 left on base; Tortolita 6 - Bakersfield 5
TOP OF THE 9TH
Tortolita Drummers batting - Pitching for Bakersfield Nobles : RHP Jon Aris
Batting: RHB Bart Lewis 0-0: Ball
1-0: Foul Ball, location: 2F
1-1: Ground out 4-3 (Groundball, 4)
Batting: RHB Kevin Howard 0-0: Called Strike
0-1: Ball
1-1: Swinging Strike
1-2: Strikes out looking
Batting: LHB Orlando Trevino 0-0: Ball
1-0: Reached on error, E4 (Groundball, 4)
Batting: LHB Ryan Westlake 0-0: Ball
1-0: Called Strike
1-1: Ground out 1-3 (Groundball, 15)
Top of the 9th over - 0 run(s), 0 hit(s), 1 error(s), 1 left on base; Tortolita 6 - Bakersfield 5
BOTTOM OF THE 9TH
Bakersfield Nobles batting - Pitching for Tortolita Drummers : RHP Aaron Wise
Pitching: RHP Luis Gonzáles
Batting: LHB Phil Parkinson 0-0: Fly out, F7 (Flyball, 7M)
Batting: LHB Jeffrey Gregg 0-0: Ball
1-0: Ball
2-0: Foul Ball, location: 2F
2-1: Fly out, F8 (Line Drive, 8RS)
Batting: RHB Bill Sackett 0-0: Called Strike
0-1: Foul Ball, location: 2F
0-2: Ball
1-2: Ball
2-2: SOLO HOME RUN (Flyball, 78XD), Distance : 407 ft
Batting: LHB Paul Smith 0-0: Called Strike
0-1: SINGLE (Line Drive, 89S)
Batting: RHB Jorge Gonzáles 0-0: Ground out 1-3 (Groundball, 23)
Bottom of the 9th over - 1 run(s), 2 hit(s), 0 error(s), 1 left on base; Tortolita 6 - Bakersfield 6
TOP OF THE 10TH
Tortolita Drummers batting - Pitching for Bakersfield Nobles : RHP Jon Aris
Batting: LHB Pat McJannett 0-0: Ball
1-0: Called Strike
1-1: Swinging Strike
1-2: Ball
2-2: Strikes out swinging
Pinch Hitting: RHB Jim Unknown 0-0: Ball
1-0: Ball
2-0: Ball
3-0: Called Strike
3-1: Base on Balls
Pinch Hitting: RHB Anastasio Cabanillas 0-0: Ball
1-0: Called Strike
1-1: Foul Ball, location: 2F
1-2: Ball
2-2: Ball
3-2: Strikes out swinging
Pinch Hitting: SHB Will Brock 0-0: Called Strike
0-1: Called Strike
0-2: Ball
1-2: Strikes out swinging
Top of the 10th over - 0 run(s), 0 hit(s), 0 error(s), 1 left on base; Tortolita 6 - Bakersfield 6
BOTTOM OF THE 10TH
Bakersfield Nobles batting - Pitching for Tortolita Drummers : RHP Luis Gonzáles
Now at 2B: David Cross
Now at SS: Hunter Curtis
Now in CF: Will Brock
Batting: RHB Kyle Bridges 0-0: Ball
1-0: Ball
2-0: Swinging Strike
2-1: Foul Ball, location: 2F
2-2: Ball
3-2: Base on Balls
Batting: RHB Lawrence Olsen 0-0: Ball
1-0: Ball
2-0: Foul Ball, location: 2F
2-1: Swinging Strike
2-2: Ball
3-2: Foul Ball, location: 2F
3-2: Foul Ball, location: 2F
3-2: Strikes out swinging
Batting: RHB Jack Hatcher 0-0: Ball
1-0: Called Strike
1-1: Ball
2-1: Swinging Strike
2-2: Foul Ball, location: 2F
2-2: Fly out, F4 (Popup, 4)
Batting: RHB Bill Wilhelm 0-0: Swinging Strike
0-1: Ball
1-1: Ball
2-1: Foul Ball, location: 2F
2-2: Foul Ball, location: 2F
2-2: Ground out 5-3 (Groundball, 5S)
Bottom of the 10th over - 0 run(s), 0 hit(s), 0 error(s), 1 left on base; Tortolita 6 - Bakersfield 6
TOP OF THE 11TH
Tortolita Drummers batting - Pitching for Bakersfield Nobles : RHP Jon Aris
Batting: RHB Steve Patrick 0-0: Ball
1-0: SOLO HOME RUN (Line Drive, 78XD), Distance : 417 ft
Batting: RHB Bart Lewis 0-0: Called Strike
0-1: Swinging Strike
0-2: Strikes out swinging
Batting: RHB Kevin Howard 0-0: Ball
1-0: Ground out 5-3 (Groundball, 56S)
Pitching: LHP Gerardo Márquez
Batting: LHB Orlando Trevino 0-0: Swinging Strike
0-1: Swinging Strike
0-2: Ball
1-2: Ball
2-2: Ball
3-2: Strikes out swinging
Top of the 11th over - 1 run(s), 1 hit(s), 0 error(s), 0 left on base; Tortolita 7 - Bakersfield 6
BOTTOM OF THE 11TH
Bakersfield Nobles batting - Pitching for Tortolita Drummers : RHP Luis Gonzáles
Pitching: RHP Jim Unknown
Batting: LHB Phil Parkinson 0-0: Foul Ball, location: 2F
0-1: Ball
1-1: SINGLE (Line Drive, 56D)
Batting: LHB Jeffrey Gregg 0-0: Ball
1-0: Called Strike
1-1: Called Strike
1-2: Ball
2-2: Ball
3-2: Strikes out swinging
Batting: RHB Bill Sackett 0-0: Ball
1-0: Ball
2-0: Called Strike
2-1: Ball
3-1: Called Strike
3-2: Ground out 5-3 (Groundball, 5)
Phil Parkinson to second
Batting: LHB Paul Smith 0-0: Called Strike
0-1: Ball
1-1: Foul Ball, location: 2F
1-2: Strikes out swinging
Bottom of the 11th over - 0 run(s), 1 hit(s), 0 error(s), 1 left on base; Tortolita 7 - Bakersfield 6
This league is powered by Out of the Park Baseball, the baseball management simulation game for PC, Mac and Linux
Monday, May 4th, 2015 - OOTP Baseball 15.6 Build 34